 Dungeon Crawl Stone Soup version 0.30-b1-2-g02819fbbbe (webtiles) character file.

Game seed: 335881616694208992

700 Fartwhistle the Skirmisher (level 7, -2/56 HPs)
             Began as a Gnoll Hunter on Sept 12, 2023.
             Slain by a gnoll
             ... wielding a +0 whip
              (5 damage)
             ... on level 4 of the Dungeon.
             The game lasted 00:05:43 (3338 turns).

Fartwhistle the Skirmisher (Gnoll Hunter)           Turns: 3338, Time: 00:05:43

Health: -2/56      AC:  9    Str:  9 (11) XL:     7   Next: 65%
Magic:  11/11      EV:  6    Int:  8 (10) God:
Gold:   271        SH:  0    Dex: 13 (15) Spells: 11/11 levels left

rFire   . . .        d - +5 lajatang of Pride {heavy, rN++}
rCold   . . .        (shield currently unavailable)
rNeg    + + .        q - +0 chain mail
rPois   .            (no helmet)
rElec   .            (no cloak)
rCorr   .            (no gloves)
SInv    .            (no boots)
Will    .....        (no amulet) Stlth
                     (no ring)
HPRegen 0.29/turn    (no ring)
MPRegen 0.12/turn

%: no passive effects
@: no status effects
A: fangs 1, strong nose, distributed training
a: no special abilities


You were on level 4 of the Dungeon.
You visited 1 branch of the dungeon, and saw 5 of its levels.

You collected 271 gold pieces.

Inventory:

Hand Weapons
 a - a +1 shortbow of freezing
 d - the +5 lajatang of Pride (weapon) {heavy, rN++}
   (You found it on level 3 of the Dungeon)

   rN:        It greatly protects you from negative energy.
Armour
 c - a +0 leather armour
 q - a +0 chain mail (worn)
Jewellery
 s - a ring of positive energy
Wands
 e - a wand of iceblast (2)
 r - a wand of flame (1)
Scrolls
 b - 3 scrolls of immolation
 g - 2 scrolls of magic mapping {unknown}
 k - 6 scrolls of identify {unknown}
 l - a scroll of fog {unknown}
 m - a scroll of poison {unknown}
 o - 2 scrolls of teleportation {unknown}
 u - a scroll of summoning {unknown}
Potions
 f - a potion of resistance {unknown}
 h - a potion of degeneration
 i - a potion of haste {unknown}
 j - a potion of heal wounds {unknown}
 n - a potion of curing
 p - a potion of magic {unknown}
 t - a potion of mutation {unknown}


   Skills:
 + Level 5.4 Fighting
 + Level 2.7 Short Blades
 + Level 2.7 Long Blades
 + Level 2.7 Axes
 + Level 2.7 Maces & Flails
 + Level 2.7 Polearms
 + Level 2.7 Staves
 + Level 9.0 Ranged Weapons
 + Level 2.7 Throwing
 + Level 2.7 Armour
 + Level 5.4 Dodging
 + Level 3.6 Stealth
 + Level 2.7 Shields
 + Level 2.7 Unarmed Combat
 + Level 2.7 Spellcasting
 + Level 2.2 Conjurations
 + Level 2.2 Hexes
 + Level 2.2 Summonings
 + Level 2.2 Necromancy
 + Level 2.2 Translocations
 + Level 2.2 Transmutations
 + Level 2.2 Fire Magic
 + Level 2.2 Ice Magic
 + Level 2.2 Air Magic
 + Level 2.2 Earth Magic
 + Level 2.2 Poison Magic
 + Level 3.0 Invocations
 + Level 2.7 Evocations


You had 11 spell levels left.
You didn't know any spells.
Your spell library contained the following spells:

 Spells                   Type           Power      Damage    Failure   Level
 Apportation              Tloc           8%         N/A       100%        1
 Vhi's Electric Charge    Tloc/Air       8%         N/A       100%        3
 Alistair's Intoxication  Tmut/Pois      2%         N/A       100%        5
 Arcjolt                  Conj/Air       2%         1d12      100%        5
 Plasma Beam              Fire/Air       2%         2x1d13    100%        6


Dungeon Overview and Level Annotations

Branches:
Dungeon (5/15)
 Temple: D:4-7

Altars:
Cheibriados
Kikubaaqudgha
Okawaru
Uskayaw
Yredelemnul


Innate Abilities, Weirdness & Mutations

You have very sharp teeth.
Your uncanny sense of smell can sniff out nearby items.
Your experience applies equally to all skills.


Message History

You feel sick. The gnoll hits you but does no damage.
The adder bites you but does no damage.
You feel sick.
You barely miss the adder.
The adder is severely wounded.
You feel sick.
You are no longer poisoned.
The adder bites you but does no damage. x3
You closely miss the adder.
The adder is severely wounded.
The adder barely misses you. x2
You hit the adder.
The adder is almost dead.
The adder bites you but does no damage. x2
You slash the adder!
You kill the adder!
The gnoll closely misses you.
You barely miss the gnoll. The gnoll hits you with a +0 whip.
* * * LOW HITPOINT WARNING * * *
The gnoll hits you with a +0 whip.
* * * LOW HITPOINT WARNING * * *
Unknown command.
It was a potion of degeneration.
There was something very wrong with that liquid.
You feel weakened.
You feel dopey.
You feel clumsy. The gnoll completely misses you.
It was a potion of curing.
You feel better. The gnoll hits you with a +0 whip.
* * * LOW HITPOINT WARNING * * *
You closely miss the gnoll. The gnoll hits you with a +0 whip!
* * * LOW HITPOINT WARNING * * *
The gnoll hits you with a +0 whip.
* * * LOW HITPOINT WARNING * * *
You slash the gnoll!
You kill the gnoll!
The gnoll hits you with a +0 whip.
* * * LOW HITPOINT WARNING * * *
You hit the gnoll.
The gnoll is moderately wounded.
The gnoll hits you with a +0 whip.
You die...

...≈≈≈≈≈.≈≈≈≈≈.≈≈≈≈≈.≈≈≈≈≈.....##
.#.≈###≈.≈###≈.≈###≈.≈###≈.#..##.
...≈# #≈.≈# #≈.≈# #≈.≈# #≈.##....
...≈###≈.≈###≈.≈###≈.≈###≈.##...#
...≈≈≈≈≈.≈≈≈≈≈.≈≈≈≈≈.≈≈≈≈≈.....##
.........................)....###
............###......##..##.#####
..#^..................##....####.
.###.....##....#@####.....#..#.#.
.###.....#....##g##.#.....#......
................>........##<..##.
#####..##.........###.........##.
.#.#....#..................#..##.
...#......................##.....
...##..............##....###.....
.................................
...#................###..........


You could see a gnoll.

Vanquished Creatures
  A sky beast (D:4)
  A black bear (D:4)
  An ice beast (D:4)
  3 phantoms
  A hound (D:4)
  2 iguanas (D:4)
  5 adders
  A gnoll (D:4)
  A worm (D:3)
  2 orcs (D:3)
  6 endoplasms
  2 giant cockroaches
  9 goblins
  7 hobgoblins
  2 jackals (D:2)
  7 kobolds
  3 quokkas
  5 ball pythons
  4 bats
  6 frilled lizards
  A rat (D:3)
70 creatures vanquished.

Notes
Turn   | Place    | Note
-------+----------+-------------------------------------------
     0 | D:1      | Fartwhistle the Gnoll Hunter began the quest for the Orb.
     0 | D:1      | Reached XP level 1. HP: 20/20 MP: 1/1
   123 | D:1      | Reached XP level 2. HP: 26/26 MP: 2/2
   317 | D:1      | Reached XP level 3. HP: 31/31 MP: 3/3
   756 | D:2      | Found a basalt altar of Yredelemnul.
   767 | D:2      | Reached skill level 1 in Invocations
   980 | D:2      | Reached skill level 1 in Short Blades
   980 | D:2      | Reached skill level 1 in Long Blades
   980 | D:2      | Reached skill level 1 in Axes
   980 | D:2      | Reached skill level 1 in Maces & Flails
   980 | D:2      | Reached skill level 1 in Polearms
   980 | D:2      | Reached skill level 1 in Staves
   980 | D:2      | Reached skill level 1 in Throwing
   980 | D:2      | Reached skill level 1 in Armour
   980 | D:2      | Reached skill level 1 in Shields
   980 | D:2      | Reached skill level 1 in Unarmed Combat
   980 | D:2      | Reached skill level 1 in Spellcasting
   980 | D:2      | Reached skill level 1 in Evocations
  1187 | D:3      | Found a faded altar of an unknown god.
  1240 | D:3      | Reached XP level 4. HP: 33/38 MP: 5/5
  1275 | D:3      | Found an iron altar of Okawaru.
  1353 | D:3      | Found an ancient bone altar of Kikubaaqudgha.
  1439 | D:3      | Noticed a phantom
  1483 | D:3      | Killed a phantom
  1484 | D:3      | Reached skill level 1 in Conjurations
  1484 | D:3      | Reached skill level 1 in Hexes
  1484 | D:3      | Reached skill level 1 in Summonings
  1484 | D:3      | Reached skill level 1 in Necromancy
  1484 | D:3      | Reached skill level 1 in Translocations
  1484 | D:3      | Reached skill level 1 in Transmutations
  1484 | D:3      | Reached skill level 1 in Fire Magic
  1484 | D:3      | Reached skill level 1 in Ice Magic
  1484 | D:3      | Reached skill level 1 in Air Magic
  1484 | D:3      | Reached skill level 1 in Earth Magic
  1484 | D:3      | Reached skill level 1 in Poison Magic
  1484 | D:3      | Reached XP level 5. HP: 28/43 MP: 5/7
  1552 | D:3      | Identified the +5 lajatang of Pride {heavy, rN++}
  1600 | D:3      | Found a hide-covered altar of Uskayaw.
  1600 | D:3      | Found a snail-covered altar of Cheibriados.
  2199 | D:4      | Noticed a phantom
  2213 | D:4      | Killed a phantom
  2214 | D:4      | Reached XP level 6. HP: 29/50 MP: 8/8
  2303 | D:4      | Noticed a black bear
  2309 | D:4      | Killed a black bear
  2310 | D:4      | Reached skill level 5 in Fighting
  2310 | D:4      | Reached skill level 5 in Dodging
  2504 | D:4      | Noticed an ice beast
  2518 | D:4      | Noticed a sky beast
  2521 | D:4      | Killed an ice beast
  2522 | D:4      | Killed a sky beast
  2523 | D:4      | Reached XP level 7. HP: 20/56 MP: 10/10
  3064 | D:4      | Reached skill level 9 in Ranged Weapons
  3295 | D:5      | Entered Level 5 of the Dungeon
  3337 | D:4      | HP: 2/56 [gnoll/+0 whip (2)]
  3338 | D:4      | Slain by a gnoll

Illustrated notes

Levels and vault maps discovered:
D:1:      dpeg_arrival_rooms_b, layout_basic
D:2:      layout_basic, basic_altar
D:3:      minmay_octagon_keep, layout_basic, lemuel_crystal_altar,
          gammafunk_temple_overflow_forgotten, nicolae_ecumenical_oubliette
D:4:      layout_cave_pools, st_stairs_12, kennysheep_boxes
D:5:      minmay_skewed_foursquare, layout_gridville, minivault_27

Skill      XL: |  1  2  3  4  5  6  7 |
---------------+----------------------+-----
Invocations    | 1 2 3 |  3.0
Short Blades   | 1 2 |  2.7
Long Blades    | 1 2 |  2.7
Axes           | 1 2 |  2.7
Maces & Flails | 1 2 |  2.7
Polearms       | 1 2 |  2.7
Staves         | 1 2 |  2.7
Throwing       | 1 2 |  2.7
Armour         | 1 2 |  2.7
Shields        | 1 2 |  2.7
Unarmed Combat | 1 2 |  2.7
Spellcasting   | 1 2 |  2.7
Evocations     | 1 2 |  2.7
Conjurations   | 1 2 |  2.2
Hexes          | 1 2 |  2.2
Summonings     | 1 2 |  2.2
Necromancy     | 1 2 |  2.2
Translocations | 1 2 |  2.2
Transmutations | 1 2 |  2.2
Fire Magic     | 1 2 |  2.2
Ice Magic      | 1 2 |  2.2
Air Magic      | 1 2 |  2.2
Earth Magic    | 1 2 |  2.2
Poison Magic   | 1 2 |  2.2
Stealth        | 3 |  3.6
Fighting       | 5 |  5.4
Dodging        | 5 |  5.4
Ranged Weapons | 9 |  9.0

Action                     |  1- 3 |  4- 6 |  7- 9 || total
---------------------------+-------+-------+-------++-------
  Melee: Lajatang          |       |     5 |    21 ||    26
         Bite              |       |       |     2 ||     2
   Fire: Shortbow          |    86 |    83 |    27 ||   196
  Evoke: Wand              |       |     3 |       ||     3
    Use: Scroll            |       |     4 |       ||     4
         Potion            |       |     2 |     2 ||     4
 Armour: Leather armour    |     2 |    21 |       ||    23
         Chain mail        |       |    11 |    28 ||    39
  Dodge: Dodged            |    11 |    67 |    20 ||    98
